 Dungeon Crawl Stone Soup version 0.22-a0-374-g5dfd9e3 (webtiles) character file.

18 mhoghedin the Skirmisher (level 2, -1/19 HPs)
             Began as a Kobold Berserker on Apr 26, 2018.
             Was a Follower of Trog.
             Slain by a jackal (3 damage)
             ... on level 1 of the Dungeon.
             The game lasted 00:00:32 (346 turns).

mhoghedin the Skirmisher (Kobold Berserker)          Turns: 346, Time: 00:00:33

Health: -1/19      AC:  2    Str: 14    XL:     2   Next: 90%
Magic:  2/2        EV: 15    Int:  8    God:    Trog [*.....]
Gold:   0          SH:  0    Dex: 14    Spells: 1/1 levels left

rFire    . . .     SeeInvis .   a - +0 mace
rCold    . . .     Gourm    .   (shield restricted)
rNeg     . . .     Faith    .   b - +0 animal skin
rPois    .         Spirit   .   (no helmet)
rElec    .         Reflect  .   (no cloak)
rCorr    .         Harm     .   (no gloves)
MR       .....                  (no boots)
Stlth    +.........             (no amulet)
HPRegen  0.06/turn              (no ring)
MPRegen  0.08/turn              (no ring)

@: no status effects
A: small, carnivore
a: Berserk, Renounce Religion


You were on level 1 of the Dungeon.
You worshipped Trog.
Trog was aware of your devotion.
You were not hungry.

You visited 1 branch of the dungeon, and saw 1 of its levels.

Inventory:

Hand Weapons
 a - a +0 mace (weapon)
Armour
 b - a +0 animal skin (worn)
Potions
 d - a potion of heal wounds {unknown}
 e - a potion of curing {unknown}
 f - a potion of brilliance {unknown}
Comestibles
 c - a ration


   Skills:
 + Level 3.6 Fighting
 + Level 3.0 Maces & Flails
 - Level 1.5 Armour
 + Level 3.0 Dodging


You had one spell level left.
You didn't know any spells.

Dungeon Overview and Level Annotations

Branches:
Dungeon (1/15)

Altars:


Innate Abilities, Weirdness & Mutations

You are small and have problems with some larger weapons.
You are carnivorous and can eat meat at any time.


Message History

A hobgoblin comes into view.
The hobgoblin shouts!
You hear a bark!
A hobgoblin is nearby!
A jackal comes into view.
The hobgoblin closely misses you.
An ooze comes into view.
You barely miss the hobgoblin. The hobgoblin hits you.
You take 4 damage, and have 15/19 hp.
MASSIVE DAMAGE!!
The ooze quivers.
You hit the hobgoblin.
You kill the hobgoblin!
Trog accepts your kill.
You see here a hobgoblin corpse.
You hit the ooze but do no damage. The ooze barely misses you.
The ooze closely misses you.
A bat comes into view.
You hit the ooze. The ooze closely misses you.
You hit the ooze. The bat completely misses you. The ooze barely misses you.
You thump the ooze!
You kill the ooze!
Trog accepts your kill. The bat hits you but does no damage.
The bat closely misses you. The bat barely misses you.
You closely miss the bat. The bat misses you. The bat barely misses you.
The bat completely misses you. The bat completely misses you.
The bat misses you. The bat hits you. The bat misses you.
You closely miss the bat. The bat misses you. The bat hits you.
A jackal comes into view.
You take 2 damage, and have 14/19 hp.
The bat hits you but does no damage. The bat closely misses you.
The bat hits you but does no damage. The bat barely misses you.
You see here a hobgoblin corpse.
You barely miss the bat. The bat misses you. The bat barely misses you.
The bat closely misses you.
You miss the bat.
The jackal barks!
The bat hits you. The bat completely misses you. The bat barely misses you.
A jackal comes into view.
You take 1 damage, and have 13/19 hp.
You barely miss the bat. The bat hits you. The bat misses you.
The jackal bites you.
You take 4 damage, and have 9/19 hp.
MASSIVE DAMAGE!!
The jackal barks!
You hit the bat. The bat completely misses you. The bat barely misses you.
The jackal misses you. The bat barely misses you.
You miss the bat.
The bat barely misses you. x2; The jackal barely misses you.
The bat misses you.
You closely miss the bat. The bat hits you. The bat barely misses you.
The jackal bites you. The jackal misses you. The jackal closely misses you.
The jackal misses you.
You take 2 damage, and have 7/19 hp.
You hit the bat.
You kill the bat!
Trog accepts your kill.
Your Maces & Flails skill increases to level 3!
The jackal barely misses you.
The jackal bites you but does no damage.
The jackal barely misses you. The jackal misses you.
You see here a bat corpse.
You hit the jackal. The jackal closely misses you.
The jackal bites you but does no damage.
You closely miss the jackal. The jackal completely misses you.
The jackal barely misses you.
You barely miss the jackal. The jackal barely misses you.
You hit the jackal but do no damage. The jackal barely misses you.
The jackal closely misses you.
You hit the jackal. The jackal bites you.
The jackal bites you but does no damage.
You take 1 damage, and have 7/19 hp.
You sock the jackal!
You kill the jackal!
Trog accepts your kill.
Your Dodging skill increases to level 3!
You hit the jackal but do no damage. The jackal barely misses you.
The jackal misses you.
You hit the jackal. The jackal closely misses you. The jackal misses you.
You hit the jackal. The jackal closely misses you. x2
You hit the jackal.
You kill the jackal!
Trog accepts your kill. The jackal closely misses you.
You hit the jackal. The jackal misses you.
You closely miss the jackal. The jackal bites you.
The jackal closely misses you.
You miss the jackal. The jackal misses you. The jackal barely misses you.
You barely miss the jackal. The jackal misses you.
The jackal closely misses you.
You barely miss the jackal. The jackal bites you. x2
* * * LOW HITPOINT WARNING * * *
You take 2 damage, and have 5/19 hp.
You closely miss the jackal. The jackal misses you.
You hit the jackal. The jackal bites you.
* * * LOW HITPOINT WARNING * * *
The jackal bites you.
You die...

### ..# ... #.# ... #.#
.... #.# ..... #.#
.....########.#########
.........†h@...........
#####....####..########
#....# ##.## #....#
#..# ......... ##.##
#..........# #..# #####
## #..........#
##.###...###..
#...########
#.#.......... #.(.
#.#.........


You could see a jackal.

Vanquished Creatures
  2 oozes (D:1)
  2 bats (D:1)
  A goblin (D:1)
  A hobgoblin (D:1)
  2 jackals (D:1)
  A rat (D:1)
9 creatures vanquished.

Notes
Turn   | Place    | Note
-------+----------+-------------------------------------------
     0 | D:1      | mhoghedin the Kobold Berserker began the quest for the Orb.
     0 | D:1      | Reached XP level 1. HP: 14/14 MP: 1/1
    38 | D:1      | Reached XP level 2. HP: 10/19 MP: 2/2
   327 | D:1      | Reached skill level 3 in Maces & Flails
   335 | D:1      | Reached skill level 3 in Dodging
   346 | D:1      | HP: 2/19 [jackal (3)]
   346 | D:1      | Slain by a jackal

Vault maps used:
D:1:      minmay_arrival_open_corners

Skill      XL: |  1  2 |
---------------+-------+-----
Maces & Flails | 3 |  3.0
Dodging        | 3 |  3.0
Fighting       | |  3.6
Armour         | |  1.5

Action                   || total
-------------------------++-------
Melee: Mace              ||    44
Armor: Animal skin       ||     7
Dodge: Dodged            ||    68

Table legend:
 A = Spawn XP
 B = Non-spawn XP
 C = Spawn XP percentage of total XP
 D = Spawn monster count
 E = Non-spawn monster count
 F = Spawn count percentage of total count
 G = Total turns spent on level
                    A         B        C        D         E        F      G
               +---------+---------+-------+---------+---------+-------+---------
         Total |       0 |      27 |   0.0 |       0 |       9 |   0.0 |   346
               +---------+---------+-------+---------+---------+-------+---------
           D:1 |       0 |      27 |   0.0 |       0 |       9 |   0.0 |   346
               +---------+---------+-------+---------+---------+-------+---------

Vault maps used:
D:1:      minmay_arrival_open_corners

Table legend:
 A = Turns spent in this place as a percentage of turns spent in the entire game.
 B = Non-inter-level travel turns spent in this place as a percentage of non-inter-level travel turns spent in the entire game.
 C = Inter-level travel turns spent in this place as a percentage of turns spent in this place.
 D = Turns resting spent in this place as a percentage of non-inter-level travel turns spent in this place.
 E = Turns spent auto-exploring this place as a percentage of non-inter-level travel turns spent in this place.
 F = Non-inter-level travel turns spent in this place divided by the number of levels of this place that you've seen.
                   A       B       C       D       E      F
               +-------+-------+-------+-------+-------+----------------------
         Total | 100.0 | 100.0 |   0.0 |  70.2 |  10.4 | 346.0
       Dungeon | 100.0 | 100.0 |   0.0 |  70.2 |  10.4 | 346.0
               +-------+-------+-------+-------+-------+----------------------

Table legend:
 A = Kills in this place as a percentage of kills in entire the game.
 B = Kills by you in this place as a percentage of kills by you in the entire game.
 C = Kills by friends in this place as a percentage of kills by friends in the entire game.
 D = Other kills in this place as a percentage of other kills in the entire game.
 E = Experience gained in this place as a percentage of experience gained in the entire game.
 F = Experience gained in this place divided by the number of levels of this place that you have seen.
                   A       B       C       D       E      F
               +-------+-------+-------+-------+-------+----------------------
         Total | 100.0 | 100.0 |   N/A |   N/A | 100.0 |  27.0
       Dungeon | 100.0 | 100.0 |   N/A |   N/A | 100.0 |  27.0
               +-------+-------+-------+-------+-------+----------------------
